Map: Hard Lead LE

Players

IIIIIIIIIIII

  • Race: Terran Terran
  • League: Diamond
  • Spawn Location: 11:00

南希卡 - Winner!

  • Race: Protoss Protoss
  • League: Diamond
  • Spawn Location: 5:00

VOD

Have the link to the VOD?

Description

Time

  • Played on: Jan. 19, 2024, 2:13 a.m.
  • Length: 13:05
Show
View Real Time Build Order
Export as new Build Order

IIIIIIIIIIII Terran 

Build Orders: Reaper Expand 

Get SALT Encoding   

  12  0:00  SCV  
  13  0:12  SCV  
  14  0:17  Supply Depot  
  14  0:24  SCV  
  15  0:39  SCV  
  15  0:41  Barracks  
  16  0:44  Refinery  
  16  0:51  SCV  
  17  1:03  SCV  
  18  1:15  SCV  
  19  1:27  Orbital Command  
  19  1:28  Reaper  
  20  1:39  Command Center  
  20  1:48  Supply Depot  
  20  1:53  SCV  
  21  2:01  Barracks Reactor  
  21  2:05  SCV  
  22  2:12  Refinery  
  22  2:15  Bunker  
  22  2:17  SCV  
  23  2:29  SCV  
  24  2:40  Marine x2  
  24  2:41  SCV  
  27  2:50  Orbital Command  
  27  2:53  SCV  
  27  2:54  Command Center  
  28  3:03  Marine x2  
  30  3:05  SCV  
  31  3:16  SCV  
  31  3:18  SCV  
  33  3:20  Factory  
  33  3:28  SCV  
  33  3:30  Marine x2, SCV  
  37  3:40  SCV  
  38  3:42  SCV  
  38  3:48  Marine x2  
  40  3:52  SCV  
  42  4:00  Bunker, SCV  
  43  4:06  Orbital Command, Marine x2  
  45  4:12  Factory Tech Lab  
  45  4:17  Starport  
  45  4:18  SCV x2  
  45  4:23  Marine  
  45  4:24  Marine  
  48  4:30  Refinery  
  49  4:31  Refinery  
  49  4:32  SCV  
  49  4:33  SCV x2  
  49  4:34  Siege Tank  
  55  4:39  Barracks  
  55  4:41  Barracks  
  55  4:42  Marine  
  55  4:43  Marine  
  55  4:44  SCV  
  55  4:45  SCV  
  59  4:47  SCV  
  60  4:54  Starport Reactor  
  60  4:57  Engineering Bay  
  60  4:58  SCV, Engineering Bay  
  61  5:03  Supply Depot  
  61  5:05  Supply Depot  
  61  5:08  SCV x2  
  61  5:10  SCV  
  67  5:14  Siege Tank  
  67  5:15  Marine x2  
  69  5:25  Terran Infantry Weapons Level 1, Terran Infantry Armor Level 1, SCV x3  
  69  5:27  Supply Depot  
  72  5:29  Supply Depot  
  72  5:30  Supply Depot  
  72  5:33  Barracks Tech Lab x2  
  72  5:35  Marine x2  
  73  5:40  Barracks  
  74  5:43  Barracks  
  74  5:45  Medivac  
  74  5:46  Siege Tank  
  74  5:49  Medivac  
  81  5:53  Combat Shield, Stimpack  
  79  5:59  SCV  
  79  6:03  Marine  
  79  6:04  Marine x2  
  82  6:05  Marine  
  84  6:15  Orbital Command  
  84  6:17  SCV x2  
  89  6:18  Siege Tank  
  89  6:21  Missile Turret x2  
  89  6:23  Marauder, Marine  
  89  6:24  Marauder  
  89  6:25  Marine  
  94  6:29  SCV x2  
  94  6:31  Medivac x2  
  101  6:42  Barracks Reactor  
  101  6:43  Barracks Reactor  
  101  6:47  Marine x2  
  100  6:48  Marauder x2  
  100  6:50  SCV x2, Starport  
  100  6:52  Missile Turret  
  108  6:55  Supply Depot  
  108  6:58  SCV  
  109  7:07  Supply Depot  
  109  7:17  Siege Tank, SCV x3, Marine  
  109  7:22  Marine  
  117  7:23  Supply Depot  
  117  7:25  Supply Depot  
  117  7:28  Marine x3  
  117  7:29  Marine, SCV x2, Marauder  
  125  7:31  Marauder  
  125  7:38  Armory  
  125  7:44  SCV x2, Marine x2  
  125  7:50  Marauder  
  99  8:04  Marauder, Marine x5  
  96  8:06  Marine  
  96  8:09  Supply Depot  
  96  8:11  Marauder, Refinery  
  99  8:13  Viking, Starport Reactor, Refinery  
  99  8:14  Viking  
  103  8:21  Marine  
  103  8:22  Marine x3  
  103  8:23  Marine x2  
  103  8:25  Marauder  
  103  8:26  SCV x3  
  114  8:33  Marauder  
  116  8:35  Command Center  
  116  8:36  Terran Ship Weapons Level 1  
  116  8:39  Marine  
  116  8:46  SCV  
  116  8:47  Marauder  
  116  8:48  Marine x5  
  120  8:54  Marauder  
  126  8:57  Marine  
  126  9:00  Missile Turret  
  122  9:06  Marine  
  122  9:08  Marauder  
  102  9:12  Marine x4  
  102  9:16  Marauder  
  102  9:17  Marine  
  102  9:20  SCV x3  
  102  9:22  Viking x2, Medivac  
  102  9:23  Medivac  
  114  9:28  Marine  
  114  9:29  Marauder  
  114  9:30  Marine  
  118  9:32  SCV  
  118  9:34  Refinery  
  118  9:35  Marine x2  
  118  9:36  Marine x2  
  118  9:37  Marauder  
  125  9:39  SCV x2  
  125  9:46  Marine  
  125  9:49  Marine  
  125  9:51  Marauder  
  129  9:53  Marine  
  129  9:58  Marauder  
  108  10:11  Marine x4  
  108  10:12  Marauder, Marine x2  
  110  10:20  Marauder  
  90  10:27  Viking  
  90  10:28  Viking x3  
  86  10:29  Marine x2, SCV x3  
  86  10:34  Marine, Marauder  
  86  10:35  Marine x3  
  94  10:41  Marauder  
  96  10:47  Marine x2  
  93  10:52  Marine x2  
  93  10:53  Marine  
  93  10:55  Marauder, Marine  
  98  11:01  Viking  
  98  11:02  Viking x2, Command Center, Marauder  
  106  11:04  Viking, Marine  
  106  11:05  Marine  
  106  11:10  Marine  
  111  11:16  Marauder  
  113  11:20  Marine  
  113  11:21  Marine x2  
  113  11:24  Marauder  
  118  11:29  Marine  
  118  11:31  Medivac, Marine x2  
  118  11:32  Medivac  
  125  11:38  Marauder  
  127  11:45  Marauder  
  127  11:46  Marine x3  
  131  11:59  Marauder, Marine x3  
  136  12:04  SCV x3, Marine  
  136  12:06  Marine  
  136  12:07  Marauder, Marine  
  136  12:08  Siege Tank, Medivac  
  147  12:14  Medivac  
  151  12:16  Medivac  
  151  12:17  Marine x2  
  151  12:21  Marauder  
  157  12:28  Marauder  
  159  12:31  Marine x4  
  134  12:42  Marauder  
Show
View Real Time Build Order
Export as new Build Order

南希卡 Protoss - Winner!

Build Orders: 1 Gate Expand, Phoenix Opening 

Get SALT Encoding   

  12  0:00  Probe  
  13  0:12  Probe  
  14  0:16  Pylon  
  14  0:25  Probe  
  15  0:36  Gateway  
  15  0:37  Probe (Chrono Boost)  
  16  0:47  Assimilator  
  16  0:48  Probe (Chrono Boost)  
  17  0:52  Probe (Chrono Boost)  
  18  1:03  Probe  
  19  1:15  Probe  
  20  1:23  Cybernetics Core  
  20  1:28  Probe  
  21  1:34  Nexus  
  21  1:41  Pylon  
  21  1:44  Probe  
  22  1:50  Assimilator  
  22  1:56  Probe  
  22  1:58  Adept (Chrono Boost)  
  22  2:00  Warp Gate  
  26  2:08  Probe  
  26  2:19  Adept  
  26  2:20  Probe  
  29  2:33  Probe  
  29  2:37  Stargate  
  30  2:46  Probe (Chrono Boost)  
  30  2:50  Probe (Chrono Boost)  
  32  2:56  Probe (Chrono Boost)  
  32  2:58  Twilight Council  
  34  2:59  Probe (Chrono Boost)  
  34  3:01  Probe (Chrono Boost)  
  35  3:09  Probe  
  35  3:11  Pylon  
  36  3:13  Probe  
  37  3:21  Probe  
  38  3:29  Phoenix, Probe  
  38  3:33  Probe  
  42  3:34  Charge  
  42  3:37  Gateway  
  42  3:40  Gateway  
  42  3:43  Pylon  
  43  4:02  Probe  
  43  4:03  Phoenix, Probe  
  46  4:14  Probe  
  46  4:15  Probe  
  48  4:20  Robotics Facility  
  48  4:24  Assimilator, Forge  
  48  4:25  Gateway  
  48  4:27  Probe x2  
  48  4:28  Gateway  
  48  4:30  Phoenix  
  52  4:39  Assimilator, Probe x2  
  52  4:41  Pylon  
  54  4:51  Probe, Pylon  
  55  4:54  Pylon  
  55  4:56  Nexus  
  55  5:04  Probe x2  
  55  5:05  Protoss Ground Armor Level 1 (Chrono Boost)  
  57  5:11  Robotics Bay  
  57  5:15  Gateway  
  57  5:18  Pylon  
  57  5:20  Probe x2  
  59  5:25  Observer (Chrono Boost)  
  60  5:32  Probe  
  61  5:36  Gateway  
  61  5:40  Immortal (Chrono Boost)  
  65  5:42  Pylon  
  65  5:43  Phoenix  
  67  6:00  Probe  
  67  6:01  Probe  
  69  6:07  Pylon  
  69  6:09  Extended Thermal Lance  
  69  6:12  Colossus (Chrono Boost)  
  69  6:13  Robotics Facility, Probe x2  
  77  6:18  Phoenix  
  77  6:25  Probe  
  80  6:28  Probe  
  81  6:37  Probe  
  82  6:48  Probe  
  82  6:49  Probe  
  84  6:55  Colossus (Chrono Boost)  
  84  7:00  Probe  
  84  7:01  Gateway, Probe  
  92  7:03  Gateway  
  92  7:06  Gateway  
  92  7:14  Pylon  
  92  7:15  Zealot x5, Colossus (Chrono Boost)  
  98  7:16  Zealot x2  
  98  7:17  Pylon  
  112  7:37  Zealot x3  
  114  7:38  Zealot x4  
  96  8:05  Zealot x5  
  98  8:06  Zealot x3  
  98  8:07  Probe x2  
  98  8:09  Assimilator  
  98  8:11  Assimilator  
  98  8:12  Blink  
  110  8:26  Phoenix  
  112  8:28  Protoss Ground Weapons Level 1  
  112  8:31  Forge  
  112  8:38  Nexus  
  112  8:39  Pylon  
  112  8:47  Probe  
  112  8:48  Probe  
  114  8:52  Colossus x2 (Chrono Boost)  
  114  8:54  Phoenix  
  116  8:59  Probe  
  129  9:09  Protoss Air Weapons Level 1  
  90  9:28  Templar Archives  
  90  9:31  Gateway x2  
  90  9:33  Disruptor x2 (Chrono Boost), Zealot x2  
  90  9:34  Zealot  
  90  9:35  Stalker x2  
  90  9:36  Stalker x5  
  118  9:56  Stalker x3  
  112  10:20  Zealot x7  
  112  10:21  Zealot x2, Disruptor  
  118  10:23  Protoss Ground Weapons Level 2  
  114  10:32  Probe x2  
  114  10:33  Protoss Ground Armor Level 2  
  116  10:44  Probe  
  111  10:58  Probe  
  111  10:59  Probe x2  
  111  11:00  Psionic Storm  
  114  11:07  Immortal x2  
  114  11:11  High Templar x3  
  124  11:12  High Templar  
  130  11:19  Probe  
  130  11:20  Photon Cannon  
  130  11:23  Pylon  
  130  11:24  Assimilator  
  130  11:25  Assimilator, Pylon  
  131  11:26  Photon Cannon, Probe x2  
  133  11:39  Phoenix  
  135  11:41  Fleet Beacon  
  135  11:46  Immortal x2  
  143  11:58  Stalker  
  143  11:59  Stalker x5  
  143  12:00  Stalker x2  
  159  12:12  Photon Cannon  
  159  12:14  Photon Cannon  
  159  12:15  Photon Cannon  
  159  12:24  Stalker x2  
  159  12:25  Stalker x5  
Tags
 
Add a new tag
Caveats
  • Supply blocks, unpowered buildings, or Contaminate may cause inaccurate times.
  • Supply counts are checked every 10 seconds.